 Dungeon Crawl Stone Soup version 0.17.1-3-g152610e (webtiles) character file.

5271 NachtVorst the Grappler (level 10, -2/102 HPs)
             Began as a Troll Monk on Apr 17, 2016.
             Was a High Priest of Okawaru.
             Slain by a freezing wraith (10 damage)
             ... in an ice cave on Apr 20, 2016.
             The game lasted 00:56:33 (7137 turns).

NachtVorst the Grappler (Troll Monk)                Turns: 7137, Time: 00:56:36

Health: -2/102     AC:  6    Str: 22    XL:     10   Next: 36%
Magic:  9/9        EV: 14    Int:  6    God:    Okawaru [*****.]
Gold:   326        SH:  0    Dex: 14    Spells: 0 memorised, 9 levels left

rFire  . . .     SeeInvis .       - Unarmed
rCold  . . .     Clarity  .     a - +1 robe
rNeg   . . .     SustAt   .     (no shield)
rPois  .         Gourm    +     (helmet restricted)
rElec  .         Spirit   .     (no cloak)
rCorr  .         Warding  .     (gloves unavailable)
rMut   .         Stasis   .     (boots unavailable)
MR     .....                    J - amulet of faith
Stlth  ++........               (no ring)
                                k - +4 ring of evasion

@: slowed, very slow, not resistant to hostile enchantments, unstealthy
A: unfitting armour, claws 3, agile 1, fast metabolism 3, gourmand, regeneration
2, shaggy fur 1, tough skin 2, weak 1, wild magic 1
a: Heroism, Finesse, Renounce Religion


You were in an ice cave.
You worshipped Okawaru.
Okawaru was extremely pleased with you.
You were very full.

You visited 2 branches of the dungeon, and saw 9 of its levels.
You also visited: Ossuary and Ice Cave.

You collected 557 gold pieces.
You spent 231 gold pieces at shops.

Inventory:

Hand Weapons
 q - a +2 battleaxe
 B - a +0 shortbow
 H - a +2 morningstar of freezing
 I - a +2 whip of venom
 K - a +3 hand axe
 L - a +4 dagger of speed
 Q - a +2 dire flail
Missiles
 d - 350 stones (quivered)
 g - 22 bolts
 i - 70 arrows
 o - 21 sling bullets of flame
 u - 13 arrows of flame
 v - 6 tomahawks
 y - 19 arrows of frost
 G - 24 poisoned needles
 N - 15 sling bullets
 P - 7 javelins
Armour
 a - a +1 robe (worn)
Jewellery
 k - a +4 ring of evasion (left claw)
 J - an amulet of faith (around neck)
Wands
 e - a wand of draining (9)
 n - a wand of confusion (31)
 p - a wand of disintegration (16)
 F - a wand of polymorph (7)
 M - a wand of frost (24)
 R - a wand of paralysis (7)
Scrolls
 c - 6 scrolls of remove curse
 j - 8 scrolls of identify
 s - 9 scrolls of teleportation
 t - a scroll of enchant armour
 w - 2 scrolls of amnesia
 x - a scroll of blinking
 C - a scroll of enchant weapon
 E - a scroll of recharging
Potions
 m - 3 potions of curing
 O - a potion of might
Books
 r - a book of Battle

   Spells                             Type                      Level
   a - Infusion                       Charms                       1
   b - Shroud of Golubria             Charms/Translocation         2
   c - Song of Slaying                Charms                       2
   d - Spectral Weapon                Hexes/Charms                 3
   e - Regeneration                   Charms/Necromancy            3
Comestibles
 b - 10 bread rations
 f - 3 beef jerkies
 h - a slice of pizza
 l - 3 meat rations
 A - 2 royal jellies
 D - 15 fruits


   Skills:
 - Level 7.1 Fighting
 - Level 2.4 Dodging
 - Level 1.1 Stealth
 + Level 13.4 Unarmed Combat


You had 9 spell levels left.
You didn't know any spells.

Dungeon Overview and Level Annotations

Branches:
Dungeon (8/15)             Temple (0/1) D:7            Lair (1/8) D:8

Altars:
Ashenzari
Dithmenos
Fedhas
Kikubaaqudgha
Makhleb
Nemelex Xobeh
Okawaru
Qazlal
Sif Muna
Xom
Yredelemnul
Zin
The Shining One

Shops:
D:4 !   D:5 ?


Innate Abilities, Weirdness & Mutations

You are too large for most types of armour.
You have claws for hands.
Your metabolism is lightning-fast.
You like to eat raw meat.
You heal very quickly.
You are covered in fur (AC +1).
You have very tough skin (AC +2).
You are agile. (Dex +2)
You are weak. (Str -2)
Your spells are a little harder to cast, but a little more powerful.


Message History

The freezing wraith barely misses you. The freezing wraith closely misses you.
You fail to use your ability.
The freezing wraith hits you! The freezing wraith freezes you!!
The freezing wraith hits you.
* * * LOW HITPOINT WARNING * * *
The freezing wraith drains your vigour!
You feel as though you will be slow longer.
* * * LOW HITPOINT WARNING * * *
The freezing wraith completely misses you.
The freezing wraith misses you.
You are too injured to fight recklessly!
You are too injured to fight recklessly!
You are too injured to fight recklessly!
You barely miss the freezing wraith.
The freezing wraith is moderately damaged.
The freezing wraith hits you.
* * * LOW HITPOINT WARNING * * *
The freezing wraith freezes you!
* * * LOW HITPOINT WARNING * * *
The freezing wraith hits you!
You die...

##.###...##
#..######
.. ##..##
.# #...##
..# ##...##
..# ##...##
#.#
##...##..#
##..#W.#
#..@W.#
##...##
#####


You could see 2 freezing wraiths.

Vanquished Creatures
  A fire drake (D:8)
  2 freezing wraiths (IceCv)
  A wolf spider simulacrum (IceCv)
  A wraith (D:8)
  2 hippogriffs
  An orc warrior (D:8)
  5 ice beasts (IceCv)
  A black bear (D:6)
  An alligator simulacrum (IceCv)
  A sky beast (D:6)
  4 ogres
  3 phantoms
  A centaur (D:5)
  A big kobold (D:7)
  2 elf zombies (D:8)
  4 giant frogs
  A water moccasin zombie (D:6)
  A scorpion (D:6)
  A water moccasin skeleton (D:5)
  7 wights
  2 giant frog zombies
  A wasp zombie (D:7)
  4 crimson imps
  A centaur skeleton (D:8)
  3 jellies
  3 human zombies (D:8)
  2 iguanas (D:5)
  5 orc priests
  8 orc wizards
  A gnoll shaman (D:5)
  4 hounds
  2 human skeletons (D:8)
  2 wolf simulacra (IceCv)
  4 worker ants
  6 big kobold zombies (Ossuary)
  2 hound skeletons
  3 mummies
  7 adders
  4 gnolls
  5 white imps (IceCv)
  2 oozes
  2 worms
  32 orcs
  7 spectral bats (Ossuary)
  3 ball pythons
  3 bat simulacra (Ossuary)
  9 giant cockroaches
  5 hobgoblins
  12 kobolds
  7 quokkas
  12 bats
  2 giant geckos
  A giant gecko zombie (D:8)
  3 giant newts
  6 gnoll zombies (Ossuary)
  6 goblins
  8 goblin simulacra (Ossuary)
  3 goblin zombies (Ossuary)
  2 hobgoblin zombies (Ossuary)
  8 jackals
  2 jackal skeletons
  4 kobold simulacra (Ossuary)
  6 kobold zombies (Ossuary)
  5 orc zombies (Ossuary)
  6 rats
  2 rat simulacra (Ossuary)
  2 spectral goblins (Ossuary)
  2 spectral kobolds (Ossuary)
  5 spectral rats (Ossuary)
277 creatures vanquished.

Vanquished Creatures (others)
  2 kobold zombies (Ossuary)
2 creatures vanquished.

Grand Total: 279 creatures vanquished

Notes
Turn   | Place    | Note
--------------------------------------------------------------
     0 | D:1      | NachtVorst the Troll Monk began the quest for the Orb.
     0 | D:1      | Reached XP level 1. HP: 22/22 MP: 0/0
   349 | D:1      | Reached XP level 2. HP: 29/29 MP: 1/1
   633 | D:1      | Found a glowing golden altar of the Shining One.
   990 | D:2      | Reached XP level 3. HP: 37/37 MP: 2/2
  1379 | D:2      | Found a shattered altar of Ashenzari.
  1640 | D:2      | Found a shadowy altar of Dithmenos.
  1643 | D:2      | Found a deep blue altar of Sif Muna.
  1646 | D:2      | Found a sparkling altar of Nemelex Xobeh.
  1707 | D:3      | Found a blossoming altar of Fedhas.
  1806 | D:3      | Reached XP level 4. HP: 48/48 MP: 3/3
  2008 | D:3      | Noticed an ogre
  2016 | D:3      | Killed an ogre
  2016 | D:3      | Reached XP level 5. HP: 46/55 MP: 4/4
  2034 | D:3      | Reached skill level 5 in Fighting
  2114 | D:3      | Found an ancient bone altar of Kikubaaqudgha.
  2442 | D:4      | Found Riokueta's Distillery.
  2445 | D:4      | Bought a potion of curing for 42 gold pieces
  2445 | D:4      | Bought 2 potions of curing for 84 gold pieces
  2783 | D:4      | Reached XP level 6. HP: 64/66 MP: 5/5
  2990 | D:4      | Reached skill level 6 in Fighting
  3002 | D:4      | Found a shimmering altar of Xom.
  3086 | D:5      | Entered Level 5 of the Dungeon
  3150 | D:5      | Found a glowing silver altar of Zin.
  3160 | D:5      | Reached XP level 7. HP: 74/76 MP: 6/6
  3168 | D:5      | Found Esileris's Magic Scroll Emporium.
  3181 | D:5      | Bought a scroll of enchant weapon for 105 gold pieces
  3297 | D:5      | Reached skill level 7 in Fighting
  3602 | D:5      | Found an iron altar of Okawaru.
  3606 | D:5      | Became a worshipper of Warmaster Okawaru
  3606 | D:5      | Reached * piety under Okawaru
  3606 | D:5      | Reached ** piety under Okawaru
  3619 | D:5      | Found a sand-covered staircase.
  3624 | Ossuary  | Entered an ossuary
  3959 | Ossuary  | Reached skill level 5 in Unarmed Combat
  4301 | D:6      | Found a stormy altar of Qazlal.
  4339 | D:6      | Reached XP level 8. HP: 39/87 MP: 7/7
  4521 | D:6      | Found a burning altar of Makhleb.
  4601 | D:6      | Reached skill level 8 in Unarmed Combat
  4808 | D:6      | Reached *** piety under Okawaru
  4816 | D:6      | Reached skill level 9 in Unarmed Combat
  5145 | D:7      | Gained mutation: Your spells are a little harder to cast, but a little more powerful. [potion of mutation]
  5145 | D:7      | Gained mutation: You are agile. (Dex +2) [potion of mutation]
  5145 | D:7      | Gained mutation: You are weak. (Str -2) [potion of mutation]
  5252 | D:7      | Found a staircase to the Ecumenical Temple.
  5313 | D:7      | Reached XP level 9. HP: 93/93 MP: 8/8
  5326 | D:7      | Reached skill level 10 in Unarmed Combat
  5445 | D:7      | Found a glowing golden altar of the Shining One.
  5911 | D:8      | Reached skill level 11 in Unarmed Combat
  6090 | D:8      | Reached **** piety under Okawaru
  6194 | D:8      | Noticed a fire drake
  6207 | D:8      | Found a staircase to the Lair.
  6219 | D:8      | Killed a fire drake
  6414 | D:8      | Reached skill level 12 in Unarmed Combat
  6630 | D:8      | Found a basalt altar of Yredelemnul.
  6657 | D:8      | Reached XP level 10. HP: 100/102 MP: 9/9
  6815 | Lair:1   | Entered Level 1 of the Lair of Beasts
  6817 | Lair:1   | Found a frozen archway.
  6823 | IceCv    | Entered an ice cave
  6847 | IceCv    | Reached ***** piety under Okawaru
  6860 | IceCv    | Reached skill level 13 in Unarmed Combat
  6989 | IceCv    | HP: 5/102 [freezing wraith (2)]
  6991 | IceCv    | HP: 1/102 [freezing wraith (8)]
  7137 | IceCv    | Slain by a freezing wraith

Action                   |  1- 3 |  4- 6 |  7- 9 | 10-12 || total
-------------------------+-------+-------+-------+-------++-------
Melee: Unarmed           |   139 |   126 |   489 |    68 ||   822
       Dire flail        |       |       |     1 |       ||     1
Invok: Heroism           |       |       |     8 |     1 ||     9
  Use: Potion            |     5 |       |     9 |     3 ||    17
       Scroll            |       |       |    13 |       ||    13
 Stab: Sleeping          |       |     3 |     2 |     3 ||     8
  Eat: Chunk             |    22 |    12 |    34 |     3 ||    71
